 Dungeon Crawl Stone Soup version 0.18-a0-1800-gdc7a371 (webtiles) character file.

37 M4edhros the Grave Robber (level 3, 0/21 HPs)
             Began as an Octopode Necromancer on Apr 24, 2016.
             Slain by a worker ant (7 damage)
             ... on level 4 of the Dungeon.
             The game lasted 00:03:30 (581 turns).

M4edhros the Grave Robber (Octopode Necromancer)     Turns: 581, Time: 00:03:30

Health: 0/21       AC:  1    Str:  7    XL:     3   Next: 39%
Magic:  3/6        EV: 12    Int: 17    God:
Gold:   39         SH:  0    Dex: 15    Spells: 3 memorised, 1 level left

rFire  . . .     SeeInvis .       - Unarmed
rCold  . . .     Gourm    .     (no shield)
rNeg   . . .     Faith    .     (helmet restricted)
rPois  .         Spirit   .     (no amulet)
rElec  .         Dismiss  .     i - +2 ring of dexterity
rCorr  .         Reflect  .     (no ring)
SustAt .         Harm     .     (no ring)
MR     .....                    (no ring)
Stlth  +++.......               (no ring)
                                (no ring)
                                (no ring)
                                (no ring)

@: lethally poisoned (0 -> 0), regenerating (expiring), not resistant to hostile
enchantments, fairly stealthy
A: almost no armour, amphibious, 8 rings, constrict 8, camouflage 1, gelatinous
body 1
a: no special abilities


You were on level 4 of the Dungeon.
You were not hungry.

You visited 1 branch of the dungeon, and saw 4 of its levels.

You collected 39 gold pieces.

Inventory:

Jewellery
 i - a +2 ring of dexterity (left tentacle)
Scrolls
 d - a scroll of immolation {unknown}
 e - a scroll of recharging {unknown}
 f - 2 scrolls of magic mapping {unknown}
 k - a scroll of fear {unknown}
Books
 a - a book of Necromancy

   Spells                             Type                      Level
   a - Pain                           Necromancy                   1
   b - Animate Skeleton               Necromancy                   1
   c - Vampiric Draining              Necromancy                   3
   d - Regeneration                   Charms/Necromancy            3
   e - Animate Dead                   Necromancy                   4
   f - Control Undead                 Necromancy                   4
 c - a book of the Earth

   Spells                             Type                      Level
   a - Leda's Liquefaction            Hexes/Earth                  4
   b - Bolt of Magma                  Conjuration/Fire/Earth       5
   c - Statue Form                    Transmutation/Earth          6
   d - Iron Shot                      Conjuration/Earth            6
   e - Shatter                        Earth                        9
Comestibles
 b - a bread ration
 g - a royal jelly
 h - a slice of pizza
 j - a chunk of flesh


   Skills:
 - Level 2.0 Dodging
 - Level 2.6 Stealth
 + Level 2.9 Unarmed Combat
 - Level 2.0 Spellcasting
 - Level 4.0 Necromancy


You had one spell level left.
You knew the following spells:

 Your Spells              Type           Power        Failure   Level  Hunger
a - Pain                  Necr           ###.         3%          1    #......
b - Animate Skeleton      Necr           N/A          3%          1    #......
r - Regeneration          Chrm/Necr      #.........   24%         3    ###....


Dungeon Overview and Level Annotations

Branches:
Dungeon (4/15)
 Temple: D:4-7

Altars:
Yredelemnul


Innate Abilities, Weirdness & Mutations

You cannot wear most types of armour.
You are amphibious.
You can wear up to eight rings at the same time.
You can use your tentacles to constrict eight enemies at once.
Your skin changes colour to match your surroundings (Stealth).
Your rubbery body absorbs attacks (AC +1).


Message History

You tentacle-slap the worker ant.
The worker ant is moderately wounded.
Your skin is crawling a little less now.
You constrict the worker ant, but do no damage.
The worker ant closely misses you.
You tentacle-slap the worker ant. Your squeeze misses the worker ant.
The worker ant is moderately wounded.
You constrict the worker ant, but do no damage.
The worker ant bites you. x2
You are poisoned.
The worker ant poisons you!
You aren't carrying any potions.
You tentacle-slap the worker ant.
The worker ant is heavily wounded.
You constrict the worker ant.
You feel sick. The worker ant closely misses you.
You tentacle-slap the worker ant.
You squeeze the worker ant, but do no damage.
The worker ant is almost dead.
You constrict the worker ant.
You feel sick. The worker ant bites you!
You die...

.......... ..........
.......#.#####
.............
...........####
...............
..........<###.#.
#..a@......(
#########.....###.#.
## #.............# .#
#.#######.##.##
.####.....#........
......###.#..........
...................##
.####.###.########.#
#####.###.# #


You could see a worker ant.

Vanquished Creatures
  An adder (D:2)
  An ooze (D:1)
  A bat (D:1)
  2 giant cockroaches
  3 goblins
  3 hobgoblins
  A quokka (D:3)
  A ball python (D:1)
  2 giant newts
  4 kobolds
  5 rats
24 creatures vanquished.

Notes
Turn   | Place    | Note
--------------------------------------------------------------
     0 | D:1      | M4edhros the Octopode Necromancer began the quest for the Orb.
     0 | D:1      | Reached XP level 1. HP: 11/11 MP: 3/3
    76 | D:1      | Reached skill level 1 in Unarmed Combat
    94 | D:1      | Reached XP level 2. HP: 4/17 MP: 0/5
   175 | D:2      | Found a basalt altar of Yredelemnul.
   354 | D:1      | Reached XP level 3. HP: 6/21 MP: 3/6
   358 | D:1      | Learned a level 1 spell: Animate Skeleton
   362 | D:1      | Learned a level 3 spell: Regeneration
   512 | D:3      | HP: 1/21 [quokka (3)]
   581 | D:4      | Slain by a worker ant

Vault maps used:
D:1:      lightli_arrival_maybe_door_vault
D:2:      yredelemnul_altar_generic, first_bread
D:3:      lemuel_doored_altar, nicolae_qazlal_general_emergency
D:4:      temple_statues

Skill      XL: |  1  2 |
---------------+-------+-----
Unarmed Combat | 1 2 |  2.9
Dodging        | |  2.0
Stealth        | |  2.6
Spellcasting   | |  2.0
Necromancy     | |  4.0

Action                   || total
-------------------------++-------
Melee: Unarmed           ||    20
       Tentacles         ||     5
       Constrict         ||     4
       Punch             ||     1
 Cast: Pain              ||    32
       Regeneration      ||     3
       Animate Skeleton  ||     1
  Use: Potion            ||     2
 Stab: Sleeping          ||     1
Armor: Skin              ||     3
Dodge: Dodged            ||     7
